 Dungeon Crawl Stone Soup version 0.19-b1-4-gd8a0a2a (webtiles) character file.

2056 GordonOverkill the Cleaver (level 9, 0/81 HPs)
             Began as a Minotaur Venom Mage on Oct 31, 2016.
             Was a Priest of Trog.
             Slain by an orc warrior
             ... wielding a +0 halberd
              (2 damage)
             ... on level 7 of the Dungeon.
             The game lasted 00:21:16 (8674 turns).

GordonOverkill the Cleaver (Minotaur Venom Mage)    Turns: 8674, Time: 00:21:17

Health: 0/81       AC: 11    Str: 23    XL:     9   Next: 5%
Magic:  0/10       EV:  8    Int: 12    God:    Trog [***...]
Gold:   351        SH:  0    Dex: 10    Spells: 1 memorised, 9 levels left

rFire  . . .     SeeInvis .     k - -2 club (curse)
rCold  + . .     Gourm    .     y - +0 chain mail
rNeg   . . .     Faith    .     (no shield)
rPois  .         Spirit   +     (helmet restricted)
rElec  .         Reflect  .     (no cloak)
rCorr  .         Harm     .     (no gloves)
MR     .....                    a - +2 pair of boots {Stlth+}
Stlth  ..........               w - amulet of guardian spirit
                                v - +6 ring of strength
                                b - ring of protection from cold

@: exhausted
A: retaliatory headbutt, horns 2
a: Berserk, Trog's Hand, Burn Spellbooks, Renounce Religion


You were on level 7 of the Dungeon.
You worshipped Trog.
Trog was most pleased with you.
You were hungry.

You visited 1 branch of the dungeon, and saw 7 of its levels.

You collected 351 gold pieces.

Inventory:

Hand Weapons
 k - a cursed -2 club (weapon)
 F - a +0 war axe
Armour
 a - a +2 pair of boots of stealth (worn)
 y - a +0 chain mail (worn)
 C - a +0 shield
Jewellery
 b - a ring of protection from cold (left hand)
 i - an uncursed ring of wizardry
 v - a +6 ring of strength (right hand)
 w - an amulet of guardian spirit (around neck)
 x - a cursed ring of loudness {unknown}
Scrolls
 e - a scroll of enchant armour
 u - 2 scrolls of enchant weapon
 B - a scroll of fog
 E - a scroll of identify
Potions
 f - 2 potions of brilliance
 g - 2 potions of flight
 j - a potion of agility
 n - a potion of mutation {unknown}
 p - a potion of lignification {unknown}
 q - a potion of haste {unknown}
 r - a potion of cure mutation {unknown}
 z - a potion of berserk rage {unknown}
 A - a potion of ambrosia {unknown}
Comestibles
 c - 5 bread rations
 d - 3 meat rations
 h - 3 beef jerkies
 s - 2 fruits
 t - a royal jelly


   Skills:
 - Level 8.1 Fighting
 + Level 11.2 Axes
 - Level 2.1 Dodging
 - Level 1.5 Stealth
 - Level 1.3 Spellcasting
 - Level 2.9 Poison Magic


You had 9 spell levels left.
You knew the following spells:

 Your Spells              Type           Power        Failure   Level  Hunger
a - Sting                 Conj/Pois      #...         98%         1    ##.....


Dungeon Overview and Level Annotations

Branches:
Dungeon (7/15)
 Temple: D:4-7

Altars:
Elyvilon
Fedhas
Gozag
Makhleb
Qazlal
Trog
Yredelemnul

Shops:
D:3 *

Annotations:
D:4 GordonOverkill's ghost, amateur MiVM
D:6 Vesto's ghost, amateur MiFi


Innate Abilities, Weirdness & Mutations

You reflexively headbutt those who attack you in melee.
You have a pair of horns on your head.


Message History

The orc warrior hits you with a halberd!
* * * LOW HITPOINT WARNING * * *
It was a potion of brilliance.
You feel clever all of a sudden. The orc warrior misses you.
It was a potion of flight.
You feel very buoyant.
You fly up into the air.
The orc warrior closely misses you.
The orc warrior hits you with a halberd.
* * * LOW HITPOINT WARNING * * *
Unknown command.
It was a potion of cancellation.
Your magical effects are unravelling.
You feel magically purged.
You feel yourself speed up.
You float gracefully downwards.
You feel a little less clever now.
You feel a little less agile now. The orc warrior closely misses you.
The orc warrior hits you from afar with a halberd.
You die...

..... # #...#
..###...## ........ .
.o.... ..
#...############.#
###...##..o##..#...##
#....))....)@..'.....
#.....))..)....#....
##....##..).##'# .##
#############.##.#
..............#
..............#
..............#
..............#
..............#


You could see an orc warrior.

Vanquished Creatures
  Eustachio (D:3)
  A water moccasin (D:6)
  An orc warrior (D:7)
  2 centaurs (D:7)
  Blork the orc (D:6)
  2 big kobolds (D:7)
  5 bullfrogs
  A scorpion (D:7)
  2 crimson imps (D:5)
  6 orc wizards
  3 hounds
  3 orc priests
  A bullfrog zombie (D:5)
  A bullfrog skeleton (D:5)
  6 worker ants
  A killer bee zombie (D:7)
  A hound zombie (D:5)
  2 hound skeletons
  Robin (D:4)
  8 adders
  5 river rats
  2 shadow imps (D:5)
  2 oozes
  5 worms
  3 leopard geckos
  24 orcs
  2 ball pythons
  9 bats
  3 giant cockroaches
  11 goblins
  11 hobgoblins
  4 jackals (D:4)
  3 quokkas
  12 frilled lizards
  19 kobolds
  A leopard gecko skeleton (D:5)
  A quokka skeleton (D:5)
  22 rats
188 creatures vanquished.

Notes
Turn   | Place    | Note
-------+----------+-------------------------------------------
     0 | D:1      | GordonOverkill the Minotaur Venom Mage began the quest for the Orb.
     0 | D:1      | Reached XP level 1. HP: 14/14 MP: 1/1
    85 | D:1      | Reached skill level 1 in Fighting
   186 | D:1      | Reached XP level 2. HP: 24/24 MP: 3/3
   504 | D:1      | Found a burning altar of Makhleb.
   782 | D:2      | HP: 1/26 [worm (9)]
   893 | D:1      | Reached XP level 3. HP: 12/31 MP: 4/4
  1735 | D:2      | Reached skill level 1 in Axes
  1913 | D:3      | Found an opulent altar of Gozag.
  1916 | D:3      | Found Gozag's Platinum Reserve.
  2039 | D:3      | Reached XP level 4. HP: 27/40 MP: 5/5
  2488 | D:3      | Reached skill level 2 in Axes
  2813 | D:4      | Noticed Eustachio
  3214 | D:4      | Noticed Robin
  3221 | D:4      | Killed Robin
  3321 | D:4      | Reached XP level 5. HP: 44/47 MP: 6/6
  3410 | D:4      | Found a blossoming altar of Fedhas.
  3440 | D:4      | Found a bloodstained altar of Trog.
  3445 | D:4      | Became a worshipper of Trog the Wrathful
  3544 | D:4      | Noticed GordonOverkill's ghost (amateur MiVM)
  3628 | D:3      | Killed Eustachio
  3628 | D:3      | Reached skill level 5 in Fighting
  3628 | D:3      | Reached skill level 4 in Axes
  3628 | D:3      | Reached XP level 6. HP: 11/56 MP: 7/7
  4410 | D:5      | Entered Level 5 of the Dungeon
  4444 | D:5      | Reached skill level 5 in Axes
  4826 | D:5      | Reached * piety under Trog
  5314 | D:5      | Reached XP level 7. HP: 64/64 MP: 8/8
  5862 | D:5      | Reached skill level 6 in Axes
  6466 | D:5      | Found a stormy altar of Qazlal.
  6470 | D:5      | Found a basalt altar of Yredelemnul.
  6475 | D:5      | Found a white marble altar of Elyvilon.
  6954 | D:6      | Reached ** piety under Trog
  6958 | D:6      | Noticed Vesto's ghost (amateur MiFi)
  7306 | D:6      | Reached skill level 7 in Axes
  7358 | D:6      | Reached XP level 8. HP: 74/74 MP: 9/9
  7453 | D:6      | Noticed Blork the orc
  7461 | D:6      | Killed Blork the orc
  7630 | D:6      | Reached skill level 8 in Axes
  7999 | D:7      | Reached skill level 9 in Axes
  8169 | D:7      | Reached skill level 10 in Axes
  8504 | D:7      | Reached skill level 11 in Axes
  8504 | D:7      | Reached XP level 9. HP: 71/81 MP: 6/10
  8508 | D:7      | Reached *** piety under Trog
  8672 | D:7      | HP: 1/81 [orc warrior/halberd (5)]
  8674 | D:7      | Slain by an orc warrior

Skill      XL: |  1  2  3  4  5  6  7  8 |
---------------+-------------------------+-----
Fighting       | 2 3 4 5 6 8 |  8.1
Axes           | 1 2 4 5 7 11 | 11.2
Dodging        | |  2.1
Stealth        | |  1.5
Spellcasting   | |  1.3
Poison Magic   | |  2.9

Action                   |  1- 3 |  4- 6 |  7- 9 || total
-------------------------+-------+-------+-------++-------
Melee: Dagger            |    50 |       |       ||    50
       Unarmed           |     1 |       |       ||     1
       Club              |   101 |   291 |   476 ||   868
       Headbutt          |    14 |    56 |    93 ||   163
 Cast: Sting             |     3 |       |       ||     3
Invok: Burn Spellbooks   |       |     1 |     1 ||     2
       Berserk           |       |       |     3 ||     3
       Trog's Hand       |       |       |     1 ||     1
  Use: Scroll            |    10 |     3 |     1 ||    14
       Potion            |     1 |     1 |     8 ||    10
 Stab: Sleeping          |     2 |     3 |     1 ||     6
       Distracted        |       |     1 |     1 ||     2
  Eat: Chunk             |     4 |    11 |    14 ||    29
Armor: Leather armour    |    45 |   127 |    24 ||   196
       Chain mail        |       |       |   189 ||   189
Dodge: Dodged            |   111 |   218 |   256 ||   585
